 Dungeon Crawl Stone Soup version 0.28-a0-730-g892d06dc2c (webtiles) character file.

Game seed: 10037258846719312074

191 pokeman the Magician (level 5, -6/29 HPs)
             Began as a Deep Elf Hedge Wizard on Oct 28, 2021.
             Was an Initiate of Vehumet.
             Mangled by a phantom (8 damage)
             ... on level 4 of the Dungeon.
             The game lasted 00:08:12 (4442 turns).

pokeman the Magician (Deep Elf Hedge Wizard)        Turns: 4442, Time: 00:08:13

Health: -6/29      AC:  3    Str:  7    XL:     5   Next: 41%
Magic:  5/15       EV: 12    Int: 20    God:    Vehumet [......]
Gold:   97         SH:  0    Dex: 14    Spells: 5/16 levels left

rFire   + . .      SeeInvis .   h - +1 dagger (drain)
rCold   . . .      Faith    .   (no shield)
rNeg    . . .      Spirit   .   k - +0 leather armour
rPois   .          Reflect  .   c - +0 hat
rElec   .          Harm     .   (no cloak)
rCorr   +          Rampage  .   (no gloves)
Will    .....                   (no boots)
Stlth   ++........              (no amulet)
HPRegen 0.09/turn               g - ring of resist corrosion
MPRegen 0.14/turn               l - ring of protection from fire

@: very slightly contaminated
A: no striking features
a: Renounce Religion


You were on level 4 of the Dungeon.
You worshipped Vehumet.
Vehumet was noncommittal.
You visited 1 branch of the dungeon, and saw 4 of its levels.

You collected 97 gold pieces.

Inventory:

Hand Weapons
 h - a +1 dagger of draining (weapon)
Missiles
 f - 46 arrows
 j - 18 bolts
Armour
 c - a +0 hat (worn)
 k - a +0 leather armour (worn)
Jewellery
 g - a ring of resist corrosion (left hand)
 l - a ring of protection from fire (right hand)
Scrolls
 a - a scroll of noise {unknown}
 b - a scroll of blinking {unknown}
 d - a scroll of brand weapon {unknown}
 e - a scroll of amnesia {unknown}
 i - 2 scrolls of identify {unknown}
Potions
 m - a potion of curing {unknown}
 n - 2 potions of flight {unknown}
 o - a potion of berserk rage {unknown}


   Skills:
 - Level 1.0 Fighting
 - Level 1.0 Armour
 - Level 3.0 Dodging
 + Level 2.7 Stealth
 * Level 6.3 Spellcasting
 + Level 2.7 Conjurations
 - Level 1.1 Summonings
 - Level 1.1 Translocations
 - Level 1.0 Fire Magic
 - Level 1.0 Air Magic
 + Level 0.0 Poison Magic


You had 5 spell levels left.
You knew the following spells:

 Your Spells              Type           Power      Damage    Failure   Level
a - Magic Dart            Conj           68%        1d6       4%          1
b - Mephitic Cloud        Conj/Pois/Air  11%        N/A       26%         3
c - Call Imp              Summ           10%        N/A       14%         2
d - Blink                 Tloc           20%        N/A       14%         2
e - Conjure Flame         Conj/Fire      13%        6-21      21%         3

Your spell library contained the following spells:

 Spells                   Type           Power      Damage    Failure   Level
 Summon Small Mammal      Summ           40%        N/A       10%         1
 Slow                     Hex            6%         N/A       22%         2
 Call Canine Familiar     Summ           10%        N/A       28%         3
 Summon Guardian Golem    Hex/Summ       8%         N/A       34%         3


Dungeon Overview and Level Annotations

Branches:
Dungeon (4/15)
 Temple: D:4-7

Altars:
Okawaru
Vehumet
Xom

Shops:
D:3 (


Message History

Press: ? - help, Shift-Dir - straight line, f/p - phantom
Aim: a phantom (heavily damaged, 100% to hit)
The magic dart hits the phantom but does no damage.
The phantom is heavily damaged.
A jackal comes into view.
The phantom barely misses you.
The jackal moves out of view.
Casting: Magic Dart (safe; 4% risk of failure)
Confirm with . or Enter, or press ? or * to list all spells.
Aiming: Magic Dart (safe; 4% risk of failure)
Press: ? - help, Shift-Dir - straight line, f/p - phantom
Aim: a phantom (heavily damaged, 100% to hit)
The magic dart hits the phantom.
The phantom is heavily damaged.
The phantom hits you!
The phantom blinks!
You blink.
Casting: Magic Dart (safe; 4% risk of failure)
Confirm with . or Enter, or press ? or * to list all spells.
Aiming: Magic Dart (safe; 4% risk of failure)
Press: ? - help, Shift-Dir - straight line, f/p - phantom
Aim: a phantom (heavily damaged, 100% to hit)
You miscast Magic Dart.
You are very lightly contaminated with residual magic.
Nothing appears to happen.
The phantom barely misses you.
Casting: Magic Dart (safe; 4% risk of failure)
Confirm with . or Enter, or press ? or * to list all spells.
Aiming: Magic Dart (safe; 4% risk of failure)
Press: ? - help, Shift-Dir - straight line, f/p - phantom
Aim: a phantom (heavily damaged, 100% to hit)
The magic dart hits the phantom but does no damage.
The phantom is heavily damaged.
The phantom hits you!
* * * LOW HITPOINT WARNING * * *
Casting: Magic Dart (safe; 4% risk of failure)
Confirm with . or Enter, or press ? or * to list all spells.
Aiming: Magic Dart (safe; 4% risk of failure)
Press: ? - help, Shift-Dir - straight line, f/p - phantom
Aim: a phantom (heavily damaged, 100% to hit)
The magic dart hits the phantom.
The phantom is heavily damaged.
The phantom hits you!
You die...

#########
#....... #.....
#...<..
......####.....
#...........[#
##..#........#
.........[..#
........W@#
.#...(....#
#.<......#
###)###### ###
.##......##....
...............
.#....)........
.......<$....?.
...............


You could see a phantom.

Vanquished Creatures
  A hound skeleton (D:4)
  8 adders
  3 gnolls
  3 orcs (D:3)
  7 endoplasms
  4 giant cockroaches
  4 goblins
  11 hobgoblins
  4 jackals (D:1)
  6 quokkas
  7 ball pythons
  4 bats
  2 frilled lizards (D:1)
  4 kobolds
  7 rats
75 creatures vanquished.

Notes
Turn   | Place    | Note
-------+----------+-------------------------------------------
     0 | D:1      | pokeman the Deep Elf Hedge Wizard began the quest for the
                  | Orb.
     0 | D:1      | Reached XP level 1. HP: 10/10 MP: 7/7
   355 | D:1      | Reached XP level 2. HP: 16/16 MP: 6/9
  1279 | D:1      | Reached skill level 5 in Spellcasting
  1344 | D:1      | Reached XP level 3. HP: 15/20 MP: 2/11
  1595 | D:1      | Learned a level 3 spell: Mephitic Cloud
  1598 | D:1      | Learned a level 2 spell: Call Imp
  1601 | D:1      | Learned a level 2 spell: Blink
  1605 | D:1      | Learned a level 3 spell: Conjure Flame
  2012 | D:2      | Reached skill level 1 in Armour
  2063 | D:2      | Reached skill level 1 in Fighting
  2395 | D:2      | Reached XP level 4. HP: 21/25 MP: 6/13
  3002 | D:3      | Found a shimmering altar of Xom.
  3046 | D:3      | Reached skill level 1 in Fire Magic
  3509 | D:3      | Found an iron altar of Okawaru.
  3534 | D:3      | Found Uruisuj's Weapon Emporium.
  3819 | D:3      | Found a radiant altar of Vehumet.
  3827 | D:3      | Became a worshipper of Vehumet
  3914 | D:3      | Reached skill level 6 in Spellcasting
  3914 | D:3      | Reached XP level 5. HP: 29/29 MP: 10/15
  4063 | D:3      | Found a faded altar of an unknown god.
  4369 | D:4      | Reached skill level 1 in Air Magic
  4377 | D:4      | Noticed a phantom
  4442 | D:4      | Mangled by a phantom

Illustrated notes

Levels and vault maps discovered:
D:1:      giann_forest_graveyard, layout_basic, st_stairs_12
D:2:      layout_loops_ring, minmay_misc_feat_alley
D:3:      layout_basic, okawaru_gym_becter, mainiacjoe_overflow_tiny_flanked,
          vehumet_crystals, shapermc_ecumenical_altar_hornbeckon, serial_shops,
          shop, minmay_starry_boxes
D:4:      layout_rooms, lemuel_doored_altar, minmay_snake_closets,
          uniq_blork_the_orc

Skill      XL: |  1  2  3  4  5 |
---------------+----------------+-----
Spellcasting   | 5 6 |  6.3
Armour         | 1 |  1.0
Conjurations   | 2 |  2.7
Fighting       | 1 |  1.0
Fire Magic     | 1 |  1.0
Dodging        | 3 |  3.0
Air Magic      | 1 |  1.0
Stealth        | |  2.7
Summonings     | |  1.1
Translocations | |  1.1

Action                   |  1- 3 |  4- 6 || total
-------------------------+-------+-------++-------
Melee: Dagger            |    30 |     5 ||    35
 Cast: Magic Dart        |   106 |    94 ||   200
       Mephitic Cloud    |       |     1 ||     1
       Blink             |       |     1 ||     1
 Stab: Confused          |       |     1 ||     1
Armor: Robe              |    17 |       ||    17
       Leather armour    |       |     3 ||     3
Dodge: Dodged            |    50 |    19 ||    69

Table legend: (Time is in decaauts)
 A = Elapsed time spent in this place.
 B = Non-inter-level travel time spent in this place.
 C = Inter-level travel time spent in this place.
 D = Time resting spent in this place.
 E = Time spent auto-exploring this place.
 F = Levels seen in this place.
 G = Mean time per level.
                   A        B        C        D        E       F      G
               +--------+--------+--------+--------+--------+-----+--------+
         Total |   4447 |   4289 |    158 |    170 |   3661 |   4 | 1111.8 |
       Dungeon |   4447 |   4289 |    158 |    170 |   3661 |   4 | 1111.8 |
               +--------+--------+--------+--------+--------+-----+--------+

Top non-repeatable levels by time:
     D:1: 1927 daAuts
     D:3: 1435 daAuts
     D:2: 1044 daAuts
     D:4: 40 daAuts
